AoeStats
← Rumcajs

Lombardia

509444928Analyzed
3v3 RM · 5d ago on Sep 26, 2026· 34m 57s· 6 players
Game mode
Random Map
Map size
Normal (6 player)
Population
200
Speed
Normal
Resources
Standard
Victory
Conquest
Starting age
Dark Age
Ending age
Imperial Age
RankedLock teamsTeams togetherTeam positionsShared explorationLock speedFull tech treeHidden civsTurbo modeCheats
Victory
Defeat
🇳🇱 Magyars · Netherlands
1539
+12
🇵🇪 Japanese · Peru
1454
+16
🇳🇱 Franks · Netherlands
1411
+18
🇬🇧 Slavs · United Kingdom
1576
-20
🇵🇱 Mapuche · Poland
1417
-14
🇬🇧 Saxons · United Kingdom
1367
-12
3Dominik
8:07 Loom
10:33 Feudal Age
16:40 Castle Age
14:55 Double-Bit Axe
23:33 Stone Mining
23:35 Gold Mining
23:53 Pikeman
27:01 Squires
27:59 Wheelbarrow
28:00 Town Watch
30:12 Bow Saw
29:45 Horse Collar
30:48 Fervor
31:07 Hand Cart
34:58 Imperial Age
32:25 Fletching
32:45 Forging
32:36 Scale Mail Armor
32:32 Guard Tower
33:02 Ballistics
32:53 Masonry
32:24 Treadmill Crane
33:30 Arson
33:30 Gambesons
34:34 Gold Shaft Mining
34:38 Bodkin Arrow
35:18 Iron Casting
34:59 Chain Mail Armor
35:36 Town Patrol
Komkommersla
8:57 Feudal Age
9:47 Double-Bit Axe
10:12 Loom
10:30 Horse Collar
16:57 Town Watch
17:24 Bloodlines
18:47 Wheelbarrow
22:15 Castle Age
20:58 Gold Mining
22:57 Fletching
23:29 Bow Saw
23:34 Husbandry
24:11 Bodkin Arrow
24:59 Padded Archer Armor
27:10 Leather Archer Armor
28:04 Hand Cart
29:38 Ballistics
33:52 Imperial Age
35:00 Parthian Tactics
34:39 Bracer
36:02 Chemistry
VanillaCoke
6:54 Loom
9:18 Feudal Age
9:53 Double-Bit Axe
21:41 Castle Age
19:51 Gold Mining
20:38 Forging
21:43 Scale Barding Armor
23:17 Iron Casting
23:32 Husbandry
32:19 Chain Barding Armor
Waaaat
6:56 Loom
9:13 Feudal Age
9:10 Loom
9:53 Double-Bit Axe
13:07 Horse Collar
17:17 Wheelbarrow
20:08 Castle Age
19:07 Gold Mining
21:21 Bow Saw
28:25 Scale Mail Armor
28:37 Forging
28:32 Pikeman
28:58 Gambesons
29:14 Squires
29:00 Arson
30:22 Heavy Plow
31:30 Chain Mail Armor
31:51 Iron Casting
32:53 Hand Cart
32:23 Town Watch
33:48 Gold Shaft Mining
33:03 Stone Mining
amonxzol
6:47 Loom
9:20 Feudal Age
10:34 Double-Bit Axe
10:31 Horse Collar
21:30 Castle Age
20:01 Forging
20:38 Bloodlines
20:52 Scale Barding Armor
20:43 Gold Mining
21:32 Light Cavalry
22:49 Chain Barding Armor
23:01 Bow Saw
24:56 Wheelbarrow
27:10 Iron Casting
26:37 Husbandry
36:03 Imperial Age
33:52 Hand Cart
33:23 Town Watch
33:46 Heavy Plow
Rumcajs
10:21 Feudal Age
15:26 Loom
19:46 Castle Age
21:08 Fletching
31:19 Padded Archer Armor
34:25 Wheelbarrow
33:13 Pikeman
33:40 Double-Bit Axe
33:46 Gold Mining
33:37 Horse Collar
Connection lost

Rejoining the realm…

Still unreachable

The connection could not be restored.

Session expired

The server has moved on; the page needs a fresh start.